 Dungeon Sprint DCSS version 0.27-a0-538-g15ff5c5295 (webtiles) character file.

Game seed: 16514602954535332990

510 mhtbhm the Protected (level 6, -19/62 HPs)
             Began as a Minotaur Fighter on Mar 6, 2021.
             Was a High Priest of Trog.
             Killed from afar by a molten gargoyle (30 damage)
             ... with a bolt of magma
             ... in the Dungeon (Sprint VII: "The Pits").
             The game lasted 00:01:05 (461 turns).

mhtbhm the Protected (Minotaur Fighter)              Turns: 461, Time: 00:01:06

Health: -19/62     AC: 14    Str: 23    XL:     6   Next: 98%
Magic:  5/5        EV:  8    Int:  5    God:    Trog [*****.]
Gold:   0          SH: 12    Dex:  9    Spells: 5/5 levels left

rFire    . . .     SeeInvis .   a - +1 hand axe (freeze)
rCold    . . .     Faith    .   c - +0 kite shield
rNeg     . . .     Spirit   .   b - +3 chain mail
rPois    .         Reflect  .   (helmet restricted)
rElec    .         Harm     .   (no cloak)
rCorr    .         Rampage  .   (no gloves)
Will     .....     NoTele   +   (no boots)
Stlth    ..........             (no amulet)
HPRegen  0.20/turn              (no ring)
MPRegen  0.09/turn              (no ring)

@: berserk cooldown, slowed, very slow
A: horns 2, retaliatory headbutt
a: Renounce Religion, Berserk, Trog's Hand, Brothers in Arms


You were in the Dungeon.
You worshipped Trog.
Trog was extremely pleased with you.
You visited 1 branch

Inventory:

Hand Weapons
 a - a +1 hand axe of freezing (weapon)
Missiles
 m - a curare-tipped dart (quivered)
Armour
 b - a +3 chain mail (worn)
 c - a +0 kite shield (worn)
Scrolls
 j - a scroll of blinking
 l - a scroll of summoning
Potions
 d - a potion of might
 e - 4 potions of curing
 f - 5 potions of heal wounds
 g - a potion of haste
 h - 4 potions of magic
 i - 3 potions of berserk rage
 k - 2 potions of invisibility
 n - a potion of ambrosia {unknown}


   Skills:
 + Level 8.4 Fighting
 + Level 9.4 Axes
 + Level 10.0 Armour
 + Level 2.7 Dodging
 + Level 9.8 Shields


You had 5 spell levels left.
You didn't know any spells.
Your spell library was empty.

Dungeon Overview and Level Annotations

Branches:
Dungeon (1/1)

Altars:
Cheibriados
Dithmenos
Elyvilon
Fedhas
Gozag
Hepliaklqana
Makhleb
Nemelex Xobeh
Okawaru
Qazlal
Ru
Sif Muna
Trog
Vehumet
Wu Jian
Xom
Yredelemnul
Zin
The Shining One
Beogh
Jiyva
Lugonu


Innate Abilities, Weirdness & Mutations

You have a pair of horns on your head.
You reflexively headbutt those who attack you in melee.


Message History

The flying skull is severely damaged.
You block the flying skull's attack.
Your ogre misses the flying skull. You block the flying skull's attack.
Your ogre barely misses the flying skull.
You closely miss the flying skull. Your headbutt misses the flying skull.
The flying skull is severely damaged.
You block the flying skull's attack.
Your ogre hits the flying skull with a +0 giant club!!!
The flying skull is destroyed!
Trog accepts your kill.
The molten gargoyle blasts magma at you!
The bolt of magma hits you but does no damage.
Your Axes skill increases to level 9!
Your Armour skill increases to level 10!
The molten gargoyle blasts magma at you!
The bolt of magma hits you! The bolt of magma hits your ogre!
Your ogre rages.
The molten gargoyle barely misses you.
There is an open door here.
Unknown command.
You hit the molten gargoyle. You freeze the molten gargoyle.
The molten gargoyle is lightly damaged.
The molten gargoyle hits you with a +0 morningstar!
You are engulfed in flames!
* * * LOW HITPOINT WARNING * * *
Unknown command.
You hit the molten gargoyle but do no damage.
You headbutt the molten gargoyle.
The molten gargoyle is lightly damaged.
You block the molten gargoyle's attack.
You hit the molten gargoyle but do no damage.
The molten gargoyle is lightly damaged.
You block the molten gargoyle's attack.
Your ogre rages.
Unknown command.
Unknown command.
Your ogre rages.
The molten gargoyle blasts magma at you!
The bolt of magma hits you!!
You die...

#.#........##.......#
#.#........##.......#
#'###########.......#
#..#.#.##..##########
#)......#.######
##.#)#.##†#....#
#.......#†#....#
##.#.#.##.O9...+
#.......#'#@...#
##.#.#..†.#....#
###############


You could see a molten gargoyle (ally target) and a friendly ogre (summoned,
berserk).

Vanquished Creatures
  A dream sheep (D)
  A kobold brigand (D)
  Terence (D)
  A worker ant (D)
  A mummy (D)
  A gnoll (D)
  A river rat (D)
  An ufetubus (D)
  A leopard gecko (D)
  An orc (D)
  A bat skeleton (D)
  2 goblins (D)
  A quokka (D)
  2 ball pythons (D)
  3 frilled lizards (D)
  2 kobolds (D)
  A quokka skeleton (D)
22 creatures vanquished.

Vanquished Creatures (collateral kills)
  A flying skull (D)
1 creature vanquished.

Grand Total: 23 creatures vanquished

Notes
Turn   | Place    | Note
-------+----------+-------------------------------------------
     0 | D        | mhtbhm the Minotaur Fighter began the quest for the Orb.
     0 | D        | Reached XP level 1. HP: 19/19 MP: 0/0
    15 | D        | Found a bloodstained altar of Trog.
    15 | D        | Found a shimmering blue altar of Sif Muna.
    15 | D        | Found a viscous altar of Jiyva.
    15 | D        | Found a hazy altar of Hepliaklqana.
    15 | D        | Found an opulent altar of Gozag.
    16 | D        | Found a glowing golden altar of the Shining One.
    16 | D        | Found a glowing silver altar of Zin.
    16 | D        | Found a basalt altar of Yredelemnul.
    16 | D        | Found a shimmering altar of Xom.
    16 | D        | Found an ornate altar of the Wu Jian Council.
    16 | D        | Found a sacrificial altar of Ru.
    16 | D        | Found a stormy altar of Qazlal.
    16 | D        | Found an iron altar of Okawaru.
    16 | D        | Found a sparkling altar of Nemelex Xobeh.
    16 | D        | Found a burning altar of Makhleb.
    16 | D        | Found a blossoming altar of Fedhas.
    16 | D        | Found a white marble altar of Elyvilon.
    16 | D        | Found a shadowy altar of Dithmenos.
    16 | D        | Found a snail-covered altar of Cheibriados.
    18 | D        | Found a radiant altar of Vehumet.
    18 | D        | Found a corrupted altar of Lugonu.
    20 | D        | Became a worshipper of Trog the Wrathful
    65 | D        | Reached skill level 4 in Armour
    69 | D        | Reached * piety under Trog
    79 | D        | Reached ** piety under Trog
    84 | D        | Reached XP level 2. HP: 26/27 MP: 1/1
   159 | D        | Noticed Terence
   166 | D        | Reached skill level 5 in Shields
   169 | D        | Killed Terence
   169 | D        | Reached *** piety under Trog
   170 | D        | Reached skill level 5 in Fighting
   170 | D        | Reached skill level 5 in Armour
   170 | D        | Reached XP level 3. HP: 8/36 MP: 2/2
   172 | D        | Reached skill level 6 in Armour
   173 | D        | Noticed a kobold brigand
   174 | D        | HP: 1/36 [asphyx]
   178 | D        | Reached XP level 4. HP: 14/44 MP: 3/3
   179 | D        | Killed a kobold brigand
   179 | D        | Reached **** piety under Trog
   180 | D        | Reached skill level 7 in Armour
   180 | D        | Reached skill level 1 in Dodging
   180 | D        | Reached XP level 5. HP: 17/51 MP: 4/4
   401 | D        | Noticed a dream sheep
   410 | D        | Killed a dream sheep
   411 | D        | Reached skill level 9 in Armour
   411 | D        | Reached XP level 6. HP: 54/61 MP: 5/5
   415 | D        | Reached ***** piety under Trog
   428 | D        | Noticed a flying skull
   428 | D        | Noticed a molten gargoyle
   456 | D        | Killed a flying skull
   457 | D        | Reached skill level 10 in Armour
   461 | D        | Killed from afar by a molten gargoyle

Illustrated notes

Levels and vault maps discovered:
D:        pitsprint [storerooms_1, entrance_room_1, metal_vault_4, armoury_3,
          mini_pit_1, grid_room_1, main_hall_1, silver_pit, the_coven_3,
          the_vestibule_1, steel_vault_1, golden_pit, hallway_of_sentries,
          crystal_vault_6, iron_vault_5, final_vault]

Skill      XL: |  1  2  3  4  5  6 |
---------------+-------------------+-----
Fighting       | 4 5 6 8 |  8.4
Armour         | 4 5 6 7 9 10 | 10.0
Shields        | 4 5 6 7 9 |  9.8
Axes           | 4 6 8 9 |  9.4
Dodging        | 1 2 |  2.7

Action                   |  1- 3 |  4- 6 || total
-------------------------+-------+-------++-------
Melee: Hand axe          |    24 |    46 ||    70
       Headbutt          |     4 |     7 ||    11
       War axe           |     1 |       ||     1
Invok: Berserk           |     1 |     1 ||     2
       Brothers in Arms  |       |     1 ||     1
  Use: Potion            |     2 |     1 ||     3
Armor: Scale mail        |     6 |       ||     6
       Chain mail        |    24 |    13 ||    37
Dodge: Dodged            |    19 |     6 ||    25
Block: Kite shield       |    23 |    20 ||    43

Table legend: (Time is in decaauts)
 A = Elapsed time spent in this place.
 B = Non-inter-level travel time spent in this place.
 C = Inter-level travel time spent in this place.
 D = Time resting spent in this place.
 E = Time spent auto-exploring this place.
 F = Levels seen in this place.
 G = Mean time per level.
                   A        B        C        D        E       F      G
               +--------+--------+--------+--------+--------+-----+--------+
         Total |    496 |    496 |      0 |    224 |     33 |   1 |  496.0 |
       Dungeon |    496 |    496 |      0 |    224 |     33 |   1 |  496.0 |
               +--------+--------+--------+--------+--------+-----+--------+

Top non-repeatable levels by time:
       D: 496 daAuts
